 Dungeon Crawl Stone Soup version 0.30.1-4-g462c640d31 (webtiles) character file.

Game seed: 2533801405930471525

1431 Peloso the Carver (level 8, -1/70 HPs)
             Began as a Minotaur Fighter on Sept 10, 2023.
             Slain by Prince Ribbit (14 damage)
             ... on level 6 of the Dungeon.
             The game lasted 00:08:23 (5424 turns).

Peloso the Carver (Minotaur Fighter)                Turns: 5424, Time: 00:08:24

Health: -1/70      AC: 11    Str: 21    XL:     8   Next: 45%
Magic:  7/7        EV:  8    Int:  5    God:
Gold:   340        SH:  5    Dex: 12    Spells: 7/7 levels left

rFire   + . .        a - +5 long sword
rCold   . . .        d - +0 buckler
rNeg    . . .        c - +1 chain mail {rF+}
rPois   .            (helmet restricted)
rElec   .            (no cloak)
rCorr   .            (no gloves)
SInv    .            (no boots)
Will    .....        (no amulet) Stlth
                     (no ring)
HPRegen 0.31/turn    (no ring)
MPRegen 0.10/turn

%: no passive effects
@: no status effects
A: horns 2, retaliatory headbutt
a: no special abilities


You were on level 6 of the Dungeon.
You visited 2 branches of the dungeon, and saw 7 of its levels.

You collected 340 gold pieces.

Inventory:

Hand Weapons
 a - a +5 long sword (weapon)
Armour
 b - a +0 scale mail
 c - a +1 chain mail of fire resistance (worn)
 d - a +0 buckler (worn)
 s - a +0 plate armour
Jewellery
 g - a ring of ice
 k - the ring of the Briny Deep {*Corrode Str+3 Dex+3 SInv Stlth+}
   (You found it on level 3 of the Dungeon)

   [ring of see invisible]

   Str:       It affects your strength (+3).
   Dex:       It affects your dexterity (+3).
   SInv:      It lets you see invisible.
   *Corrode:  It may corrode you when you take damage.
   Stlth:     It makes you more stealthy.
Scrolls
 f - a scroll of magic mapping
 j - a scroll of teleportation {unknown}
 o - a scroll of enchant weapon {unknown}
 r - a scroll of identify
 t - a scroll of vulnerability {unknown}
Potions
 h - 2 potions of might
 i - a potion of lignification
 l - a potion of flight
 m - a potion of magic {unknown}
 n - a potion of degeneration {unknown}
 p - a potion of invisibility {unknown}
 q - 2 potions of heal wounds {unknown}


   Skills:
 + Level 6.1 Fighting
 + Level 8.3 Long Blades
 + Level 7.4 Armour
 + Level 1.7 Dodging
 + Level 0.4 Stealth
 + Level 5.8 Shields


You had 7 spell levels left.
You didn't know any spells.
Your spell library contained the following spells:

 Spells                   Type           Power      Damage    Failure   Level
 Sublimation of Blood     Necr           0%         N/A       99%         2
 Wereblood                Tmut           0%         N/A       99%         2
 Cause Fear               Hex            0%         N/A       100%        4
 Dragon Form              Tmut           0%         N/A       100%        7
 Summon Hydra             Summ           0%         N/A       100%        7
 Dragon's Call            Summ           0%         N/A       100%        9


Dungeon Overview and Level Annotations

Branches:
Dungeon (6/15)             Temple (1/1) D:4

Altars:
Ashenzari
Cheibriados
Elyvilon
Fedhas
Gozag
Hepliaklqana
Kikubaaqudgha
Makhleb
Nemelex Xobeh
Qazlal
Ru
Sif Muna
Trog
Uskayaw
Vehumet
Wu Jian
Xom
Yredelemnul
The Shining One

Shops:
D:1 *

Annotations:
D:6 Prince Ribbit


Innate Abilities, Weirdness & Mutations

You have a pair of horns on your head.
You reflexively headbutt those who attack you in melee.


Message History

The orc priest is severely wounded.
You block Prince Ribbit's attack. The orc priest hits you with a +0 club.
Prince Ribbit hits you!
You slash the orc priest!
You kill the orc priest!
Prince Ribbit hits you.
You barely miss the orc. You headbutt the orc.
You kill the orc!
Prince Ribbit barely misses you. Prince Ribbit hits you!
* * * LOW HITPOINT WARNING * * *
Unknown command.
You hit Prince Ribbit.
Prince Ribbit is lightly wounded.
Prince Ribbit blinks!
Unknown command.
Okay, then.
Okay, then.
You feel better. The orc closely misses you.
You closely miss the orc. Your headbutt misses the orc.
The orc hits you with a +0 club.
* * * LOW HITPOINT WARNING * * *
Prince Ribbit blinks!
You hit the orc.
The orc is moderately wounded.
The orc hits you but does no damage.
You completely miss the orc. You headbutt the orc.
You kill the orc!
You barely miss the orc. The orc barely misses you.
You barely miss the orc. Your headbutt misses the orc.
You block the orc's attack. The orc hits you but does no damage.
You slash the orc!
You kill the orc!
Prince Ribbit hits you!
* * * LOW HITPOINT WARNING * * *
You slash Prince Ribbit!
Prince Ribbit is heavily wounded.
Prince Ribbit hits you!
* * * LOW HITPOINT WARNING * * *
You feel better. Prince Ribbit hits you!
You die...

########..... ###...
##.### .(.. #.# .... #.#
... ##.## #.. ##...##
#.#### ##.....# #F##.##
##.......
#######@#...####........
...............'..(.....
#######.#...####........
#.##.## ##....... #..###
##.....# ##.# ##...##
#.# ##'##
#.###########.#
#...........#.###


You could see Prince Ribbit.

Vanquished Creatures
  An orc warrior (D:6)
  4 ogres
  3 scorpions
  4 wights (D:6)
  2 jellies (D:6)
  3 hounds
  3 orc priests (D:6)
  2 iguanas (D:5)
  A sleepcap (D:5)
  An orc wizard (D:6)
  8 gnolls
  5 adders
  2 shadow imps (D:6)
  An ufetubus (D:4)
  An adder skeleton (D:2)
  3 adder zombies (D:2)
  2 worms (D:3)
  4 dart slugs
  11 orcs
  A bat skeleton (D:2)
  A bat zombie (D:2)
  10 endoplasms
  4 hobgoblins
  6 jackals
  2 quokkas (D:2)
  7 ball pythons
  A ball python skeleton (D:2)
  A ball python zombie (D:2)
  9 bats
  3 frilled lizards
  11 goblins
  10 kobolds
  4 rats
131 creatures vanquished.

Notes
Turn   | Place    | Note
-------+----------+-------------------------------------------
     0 | D:1      | Peloso the Minotaur Fighter began the quest for the Orb.
     0 | D:1      | Reached XP level 1. HP: 19/19 MP: 0/0
    62 | D:1      | Reached XP level 2. HP: 24/27 MP: 1/1
    73 | D:1      | Found Xiutzai's General Store.
   259 | D:1      | Reached XP level 3. HP: 17/33 MP: 2/2
   833 | D:2      | Reached skill level 3 in Long Blades
   892 | D:2      | Reached XP level 4. HP: 40/40 MP: 3/3
  1126 | D:2      | Reached skill level 5 in Armour
  1200 | D:2      | Found a blossoming altar of Fedhas.
  1660 | D:2      | Reached XP level 5. HP: 46/46 MP: 4/4
  1675 | D:2      | Reached skill level 4 in Long Blades
  2223 | D:3      | Identified the ring of the Briny Deep {*Corrode Str+3 Dex+3
                  | SInv Stlth+}
  2561 | D:3      | Found a sacrificial altar of Ru.
  2644 | D:3      | Found a hide-covered altar of Uskayaw.
  3032 | D:4      | Found a staircase to the Ecumenical Temple.
  3038 | D:4      | Noticed an ogre
  3047 | D:4      | Killed an ogre
  3048 | D:4      | Reached skill level 5 in Shields
  3048 | D:4      | Reached XP level 6. HP: 13/53 MP: 5/5
  3051 | Temple   | Entered the Ecumenical Temple
  3663 | D:4      | Reached skill level 5 in Long Blades
  3802 | D:5      | Entered Level 5 of the Dungeon
  3868 | D:5      | Reached XP level 7. HP: 25/60 MP: 6/6
  3888 | D:5      | Reached skill level 5 in Fighting
  4086 | D:5      | Reached skill level 6 in Long Blades
  4234 | D:5      | Reached skill level 1 in Dodging
  4698 | D:6      | Reached skill level 7 in Long Blades
  4711 | D:6      | Reached XP level 8. HP: 26/67 MP: 7/7
  5073 | D:6      | Reached skill level 8 in Long Blades
  5366 | D:6      | Identified the +0 helmet "Bojydes" {rF+ Will+}
  5399 | D:6      | Noticed Prince Ribbit
  5423 | D:6      | HP: 3/70 [Prince Ribbit (8)]
  5424 | D:6      | Slain by Prince Ribbit

Illustrated notes

Levels and vault maps discovered:
D:1:      onia_arrival_pyramid, layout_loops_ring, serial_shops, shop,
          st_stairs_13, minmay_indecisive_spiral
D:2:      layout_loops_corners, serial_undead, serial_undead_e, serial_undead_c,
          serial_undead_a, serial_undead_e, serial_undead_c, serial_undead_c,
          basic_altar
D:3:      layout_basic, jmf_multi_god_temple, st_stairs_11
D:4:      layout_rooms, minmay_temple_entry_trees
D:5:      layout_cave_pools, serial_bayou, serial_bayou_shore_a,
          serial_bayou_crossing, serial_bayou_lake_a, serial_bayou_shore_b
D:6:      layout_loops_corners, uniq_prince_ribbit1
Temple:   bh_familiar_temple

Skill      XL: |  1  2  3  4  5  6  7  8 |
---------------+-------------------------+-----
Fighting       | 4 5 6 |  6.1
Armour         | 4 5 6 7 |  7.4
Shields        | 4 5 |  5.8
Long Blades    | 3 4 5 7 8 |  8.3
Dodging        | 1 |  1.7
Stealth        | |  0.4

Action                     |  1- 3 |  4- 6 |  7- 9 || total
---------------------------+-------+-------+-------++-------
  Melee: Long sword        |    80 |   177 |   117 ||   374
         Headbutt          |    16 |    30 |    28 ||    74
    Use: Scroll            |     2 |     2 |       ||     4
         Potion            |       |     1 |     2 ||     3
 Armour: Scale mail        |     3 |       |       ||     3
         Chain mail        |    59 |   114 |    45 ||   218
  Dodge: Dodged            |    46 |    77 |    47 ||   170
  Block: Buckler           |    23 |    48 |    28 ||    99
